 Dungeon Crawl Stone Soup version 0.17-a0-1504-gb7d9117 (webtiles) character file.

130 patman the Slasher (level 5, -3/35 HPs)
             Began as a Halfling Berserker on July 9, 2015.
             Was a Believer of Trog.
             Slain by an ogre
             ... wielding a cursed -1 giant club
              (16 damage)
             ... on level 3 of the Dungeon.
             The game lasted 00:02:51 (658 turns).

patman the Slasher (Halfling Berserker)              Turns: 658, Time: 00:02:51

Health: -3/35      AC:  9    Str: 17    XL:     5   Next: 36%
Magic:  5/5        EV: 10    Int:  6    God:    Trog [**....]
Gold:   42         SH:  0    Dex: 15    Spells: 0 memorised, 4 levels left

rFire  . . .     SeeInvis .     a - +0 falchion
rCold  . . .     Clarity  .     h - +0 chain mail
rNeg   . . .     SustAt   .     (shield restricted)
rPois  .         Gourm    .     (no helmet)
rElec  .         Spirit   .     (no cloak)
rCorr  .         Warding  .     (no gloves)
rMut   .         Stasis   .     j - +0 pair of boots
MR     .....                    (no amulet)
Stlth  ..........               (no ring)
                                (no ring)

@: exhausted, slowed, very slow, not resistant to hostile enchantments,
extremely unstealthy
A: mutation resistance 1
a: Burn Spellbooks, Berserk, Trog's Hand, Renounce Religion


You were on level 3 of the Dungeon.
You worshipped Trog.
Trog was pleased with you.
You were not hungry.

You visited 1 branch of the dungeon, and saw 3 of its levels.

You collected 42 gold pieces.

Inventory:

Hand weapons
 a - a +0 falchion (weapon)
Missiles
 i - 19 poisoned needles
Armour
 h - a +0 chain mail (worn)
 j - a +0 pair of boots (worn)
Scrolls
 d - 3 scrolls of identify {unknown}
Potions
 e - a potion of resistance {unknown}
Comestibles
 c - 2 bread rations
 f - a meat ration
 g - 2 fruits


   Skills:
 - Level 2.6 Fighting
 * Level 5.6 Long Blades
 - Level 2.1 Armour
 - Level 2.1 Dodging


You had 4 spell levels left.
You didn't know any spells.

Dungeon Overview and Level Annotations

Branches:
Dungeon (3/15)

Altars:


Innate Abilities, Weirdness & Mutations

You are small and have problems with some larger weapons.
You are somewhat resistant to further mutation.


Message History

You are exhausted.
You feel yourself slow down.
You are feeling hungry.
You see here a falchion.
Things that are here:
a short sword; a ring mail Eat a chunk of flesh? (ye/n/q/i?) This raw flesh tastes terrible.
You continue eating. x2
You see here 5 gold pieces.
An ogre comes into view. It is wielding a giant club.
The ogre shouts!
The rat bites you but does no damage. The rat barely misses you.
The rat bites you. The rat bites you but does no damage.
The ogre hits you with a giant club! The rat bites you but does no damage.
The ogre hits you with a giant club!
You die...

#.........##...
#.........#.... #.
.............!
#.#######.#.#.#.##...
.##..$............%....
.............#........#
######.###r.....$....###..
........#.O####...#..####.
# ........#@##
##.###......# #.###
.......<#.# #..# #...##..
#..<# #####.....# ##.##
##.<.# . ###.#
#.....#####..# #.#.... #.#
....###...[)).## ##.#####
#.. ### ###..#### #...#
##. #..# #...# .. #..#
#...# .. #..# #....#


You could see an ogre and a rat.

Vanquished Creatures
  A crimson imp (D:2)
  An orc priest (D:3)
  An orc wizard (D:3)
  An adder (D:2)
  2 giant geckos (D:1)
  An orc (D:3)
  A giant cockroach (D:2)
  A hobgoblin (D:2)
  8 jackals
  2 bats (D:1)
  A giant newt (D:1)
  A goblin (D:1)
  2 kobolds
  A rat (D:2)
24 creatures vanquished.

Notes
Turn   | Place    | Note
--------------------------------------------------------------
     0 | D:1      | patman the Halfling Berserker began the quest for the Orb.
     0 | D:1      | Reached XP level 1. HP: 15/15 MP: 1/1
   163 | D:1      | Reached XP level 2. HP: 16/20 MP: 2/2
   318 | D:2      | Acquired Trog's second power
   318 | D:2      | Reached skill level 4 in Long Blades
   318 | D:2      | Reached XP level 3. HP: 21/25 MP: 3/3
   571 | D:2      | Reached skill level 5 in Long Blades
   571 | D:2      | Reached XP level 4. HP: 21/30 MP: 4/4
   612 | D:3      | Reached XP level 5. HP: 26/35 MP: 5/5
   647 | D:3      | Noticed an ogre
   658 | D:3      | Slain by an ogre

Vault maps used:
D:1:      sevenhm_arrival_forest_fort_small_5
D:2:      grunt_qazlal_clouds
D:3:      nicolae_ru_sacrificial_ziggurat, uniq_sigmund, uniq_natasha

Action                   |  1- 3 |  4- 6 || total
-------------------------+-------+-------++-------
Melee: Falchion          |   108 |    22 ||   130
Invok: Berserk           |       |     1 ||     1
  Eat: Chunk             |       |     1 ||     1
